Map: Automaton LE

Players

Leenock - Winner!

  • Race: Zerg Zerg
  • Spawn Location: 9:00

sOs

  • Race: Protoss Protoss
  • Spawn Location: 3:00

Event: IEM Season 13: Katowice (2019)

VOD

Have the link to the VOD?

Description

Time

  • Played on: Feb. 25, 2019, 7:51 a.m.
  • Length: 5:51

All games in this series

Show
View Real Time Build Order
Export as new Build Order

Leenock Zerg - Winner!

Build Orders: Hatch First 

Get SALT Encoding   

  12  0:00  Drone  
  13  0:12  Overlord  
  13  0:18  Drone  
  14  0:30  Drone x2  
  14  0:34  Drone  
  17  0:52  Hatchery  
  17  0:56  Drone  
  17  0:59  Drone  
  18  1:06  Extractor  
  17  1:14  Spawning Pool  
  17  1:18  Drone  
  17  1:21  Drone  
  18  1:28  Drone  
  19  1:40  Drone  
  20  1:56  Hatchery  
  20  1:58  Drone  
  20  2:01  Drone  
  20  2:06  Drone  
  22  2:12  Metabolic Boost  
  22  2:22  Queen  
  24  2:25  Drone  
  25  2:30  Overlord  
  25  2:34  Drone  
  26  2:37  Drone  
  26  2:39  Drone  
  28  2:48  Zergling x2  
  28  2:49  Zergling x2  
  28  2:50  Queen  
  32  2:54  Drone  
  33  2:59  Overlord  
  33  3:06  Lair  
  33  3:11  Drone  
  33  3:12  Drone  
  35  3:17  Queen  
  35  3:19  Zergling x2  
  38  3:22  Zergling x2  
  38  3:24  Zergling x2  
  38  3:26  Zergling x2  
  41  3:29  Drone  
  42  3:41  Queen  
  42  3:43  Zergling x2  
  42  3:46  Zergling x4  
  48  3:48  Zergling x6  
  48  3:50  Overlord  
  50  4:05  Nydus Network  
  50  4:06  Zergling x2  
  50  4:07  Overlord  
  50  4:08  Queen  
  52  4:10  Zergling x2  
  52  4:14  Zergling x2  
  54  4:20  Overseer  
  54  4:21  Zergling x2  
  54  4:24  Zergling x4  
  57  4:25  Overlord  
  57  4:29  Zergling x4  
  59  4:32  Zergling x2  
  59  4:36  Zergling x2  
  59  4:37  Zergling x2  
  62  4:42  Spore Crawler  
  62  4:44  Nydus Canal  
  61  4:47  Zergling x2  
  61  4:48  Zergling x6  
  64  4:53  Zergling x4  
  64  4:54  Zergling x2  
  64  4:57  Zergling x2  
  68  5:00  Zergling x2  
  68  5:03  Zergling x2  
  68  5:04  Zergling x2  
  68  5:08  Zergling x2  
  63  5:15  Zergling x2  
  54  5:23  Zergling x2  
  51  5:31  Zergling x2  
Show
View Real Time Build Order
Export as new Build Order

sOs Protoss 

Build Orders: 1 Gate Expand, Phoenix Opening 

Get SALT Encoding   

  12  0:00  Probe  
  13  0:12  Probe  
  14  0:18  Pylon  
  14  0:24  Probe  
  15  0:32  Probe  
  15  0:39  Gateway  
  15  0:40  Probe  
  16  0:49  Assimilator  
  17  0:51  Probe  
  18  1:03  Probe  
  19  1:15  Probe  
  20  1:20  Pylon  
  20  1:32  Nexus  
  20  1:38  Cybernetics Core  
  20  1:39  Probe  
  21  1:45  Assimilator  
  21  1:52  Probe  
  22  1:56  Pylon  
  22  2:04  Probe  
  22  2:06  Sentry  
  25  2:16  Probe  
  25  2:21  Warp Gate  
  26  2:28  Probe  
  27  2:30  Stalker  
  29  2:39  Probe  
  29  2:40  Phoenix, Probe  
  29  2:41  Twilight Council  
  30  2:47  Probe  
  30  2:48  Probe  
  31  2:57  Probe  
  33  2:58  Probe  
  33  3:00  Robotics Facility  
  35  3:07  Charge  
  35  3:11  Probe x2  
  37  3:21  Gateway  
  37  3:26  Gateway  
  37  3:30  Gateway  
  37  3:32  Probe  
  38  3:35  Probe  
  38  3:36  Warp Prism  
  41  3:48  Probe x2  
  41  3:52  Pylon  
  43  4:01  Probe x2  
  45  4:03  Dark Shrine  
  45  4:04  Warp Prism  
  45  4:10  Zealot  
  45  4:13  Pylon  
  49  4:25  Zealot x2  
  49  4:29  Pylon  
  53  4:31  Zealot  
  53  4:32  Zealot  
  57  4:38  Immortal  
  61  4:54  Shield Battery  
  61  4:55  Zealot  
  59  5:02  Zealot x3  
  61  5:14  Probe x2  
  29  5:32  Dark Templar x2  
  32  5:36  Zealot x2  

Tags
 
Add a new tag
Caveats
  • Supply blocks, unpowered buildings, or Contaminate may cause inaccurate times.
  • Supply counts are checked every 10 seconds.